AoeStats
← 一剑扫秋风nelson

Arena

504418009Analyzed
4v4 RM · 28d ago on Sep 5, 2026· 40m 43s· 8 players
Game mode
Random Map
Map size
Large (8 player)
Population
200
Speed
Normal
Resources
Standard
Victory
Conquest
Starting age
Dark Age
Ending age
Imperial Age
RankedLock teamsTeams togetherTeam positionsShared explorationLock speedFull tech treeHidden civsTurbo modeCheats
Victory
Defeat
🇻🇳 Celts · Vietnam
1894
+7
🇨🇳 Mapuche · China
1832
+9
🇹🇼 Teutons · Taiwan
1622
+17
🇨🇳 Britons · China
1552
+19
🇨🇳 Magyars · China
1683
-14
🇺🇸 Mongols · United States
1665
-13
🇺🇸 Burmese · United States
1660
-13
🇻🇳 Dravidians · Vietnam
1642
-12
Lastmantillidie
10:13 Feudal Age
13:56 Castle Age
12:07 Double-Bit Axe
13:07 Horse Collar
15:34 Bow Saw
20:28 Heavy Plow
21:57 Wheelbarrow
24:35 Gold Mining
25:16 Stone Mining
29:28 Imperial Age
27:20 Hand Cart
28:13 Stone Shaft Mining
27:43 Fletching
27:54 Padded Archer Armor
28:18 Ballistics
30:18 Gold Shaft Mining
29:41 Bodkin Arrow
29:37 Loom
30:10 Leather Archer Armor
30:12 Bloodlines
30:02 Husbandry
30:47 Conscription
30:00 Capped Ram
31:32 Drill
31:34 Bracer
32:36 Chemistry
31:50 Siege Ram
32:24 Elite Mangudai
36:16 Light Cavalry
37:05 Scale Barding Armor
37:12 Forging
37:06 Hussar
40:23 Chain Barding Armor
tsoul
10:02 Feudal Age
14:13 Castle Age
13:01 Gold Mining
16:21 Loom
17:15 Sanctity
17:36 Horse Collar
19:38 Fervor
22:19 Town Watch
24:51 Gold Shaft Mining
30:28 Imperial Age
30:41 Redemption
30:19 Horse Collar
31:37 Illumination
31:28 Block Printing
33:29 Chemistry
小白
11:29 Feudal Age
13:06 Loom
15:54 Castle Age
14:28 Double-Bit Axe
15:14 Horse Collar
17:09 Bow Saw
19:23 Scale Barding Armor
24:55 Wheelbarrow
24:50 Husbandry
25:01 Bloodlines
25:55 Heavy Plow
26:20 Gold Mining
32:06 Imperial Age
29:43 Fletching
31:01 Bodkin Arrow
31:04 Elite Skirmisher
32:52 Gold Shaft Mining
32:45 Padded Archer Armor
33:04 Bracer
33:27 Ballistics
34:01 Conscription
33:53 Thumb Ring
35:09 Chemistry
34:42 Hand Cart
35:17 Corvinian Army
36:13 Leather Archer Armor
36:19 Stone Mining
36:30 Scale Mail Armor
37:25 Ring Archer Armor
39:24 Recurve Bow
40:14 Ring Archer Armor
40:38 Parthian Tactics
Tam nsnd
10:12 Feudal Age
13:45 Castle Age
12:02 Double-Bit Axe
12:40 Horse Collar
14:58 Bow Saw
15:00 Heavy Plow
21:56 Wheelbarrow
22:30 Gold Mining
24:38 Hand Cart
28:36 Imperial Age
25:52 Town Watch
25:53 Loom
26:32 Fletching
26:53 Padded Archer Armor
27:15 Ballistics
27:06 Medical Corps
27:38 Bodkin Arrow
27:56 Masonry
28:07 Thumb Ring
28:19 Leather Archer Armor
28:06 Pikeman
28:47 Squires
29:05 Scale Mail Armor
29:15 Forging
30:17 Ring Archer Armor
29:52 Bracer
30:31 Chain Mail Armor
30:56 Conscription
32:11 Chemistry
31:17 Elite Elephant Archer
33:19 Two-Man Saw
33:18 Ring Archer Armor
LeHoang
10:43 Feudal Age
14:32 Castle Age
12:53 Double-Bit Axe
13:04 Horse Collar
15:52 Bow Saw
16:05 Town Watch
21:01 Fletching
21:15 Loom
21:54 Guard Tower
26:30 Wheelbarrow
30:08 Imperial Age
27:51 Scale Mail Armor
27:44 Gold Mining
27:53 Pikeman
28:44 Forging
29:26 Chain Mail Armor
29:49 Hand Cart
30:23 Capped Ram
31:11 Siege Ram
32:02 Furor Celtica
32:45 Plate Mail Armor
32:54 Halberdier
34:35 Iron Casting
34:30 Conscription
36:38 Blast Furnace
35:03 Elite Woad Raider
36:50 Hoardings
38:13 Guilds
38:00 Arson
39:02 Heavy Scorpion
40:04 Ballistics
40:45 Chemistry
一剑扫秋风nelson
10:57 Feudal Age
15:26 Castle Age
13:39 Double-Bit Axe
14:14 Horse Collar
16:55 Heavy Plow
17:24 Fletching
20:22 Bow Saw
20:03 Gold Mining
21:09 Bodkin Arrow
24:45 Padded Archer Armor
27:41 Wheelbarrow
26:52 Loom
27:44 Ballistics
30:23 Hand Cart
31:05 Malon
31:42 Town Watch
32:49 Gold Shaft Mining
37:09 Imperial Age
34:45 Elite Skirmisher
38:04 Butalmapu
38:15 Leather Archer Armor
39:03 Chemistry
38:34 Conscription
37:59 Elite Bolas Rider
40:09 Ring Archer Armor
40:09 Town Patrol
40:42 Crop Rotation
40:14 Scale Mail Armor
40:24 Forging
41:25 Coinage
40:31 Pikeman
游樂比(ULB)
10:40 Feudal Age
14:26 Castle Age
12:33 Double-Bit Axe
13:28 Horse Collar
15:29 Bow Saw
16:25 Heavy Plow
21:56 Wheelbarrow
23:01 Gold Mining
23:01 Stone Mining
23:23 Town Watch
24:40 Hand Cart
27:49 Imperial Age
25:48 Scale Mail Armor
25:37 Loom
26:53 Chain Mail Armor
27:01 Forging
27:00 Squires
26:43 Pikeman
29:04 Stone Shaft Mining
27:57 Capped Ram
28:00 Halberdier
29:32 Plate Mail Armor
29:41 Arson
29:26 Onager
30:58 Fletching
31:32 Conscription
31:28 Siege Engineers
32:35 Crenellations
32:12 Bodkin Arrow
33:25 Iron Casting
33:49 Ironclad
33:26 Siege Onager
35:02 Ballistics
38:01 Chemistry
39:51 Blast Furnace
祈求好运
10:14 Feudal Age
14:02 Castle Age
12:10 Double-Bit Axe
13:01 Horse Collar
15:20 Bow Saw
18:04 Loom
22:06 Wheelbarrow
23:35 Hand Cart
27:41 Imperial Age
25:16 Fletching
25:20 Gold Mining
25:21 Stone Mining
25:58 Padded Archer Armor
26:08 Bodkin Arrow
26:16 Heavy Plow
26:54 Leather Archer Armor
27:04 Ballistics
28:49 Conscription
28:32 Bracer
30:09 Chemistry
29:55 Gold Shaft Mining
29:54 Ring Archer Armor
30:43 Yeomen
30:51 Elite Longbowman
33:47 Two-Man Saw
33:43 Town Watch
35:10 Coinage
35:17 Siege Engineers
36:28 Masonry
36:14 Murder Holes
38:01 Banking
37:41 Guilds
37:32 Caravan
38:12 Scale Mail Armor
38:22 Forging
38:48 Pikeman
39:28 Squires
39:14 Gambesons
39:46 Chain Mail Armor
39:26 Halberdier
40:42 Iron Casting
40:32 Arson
41:23 Plate Mail Armor
Connection lost

Rejoining the realm…

Still unreachable

The connection could not be restored.

Session expired

The server has moved on; the page needs a fresh start.